 Dungeon Crawl Stone Soup version 0.26-a0-651-gb41185065b (webtiles) character file.

Game seed: 14194155392327452282

19 Flugslaktarn the Shield-Bearer (level 2, -3/28 HPs)
             Began as a Deep Dwarf Fighter on Oct 8, 2020.
             Slain by Terence
             ... wielding a +4 trident of flaming
              (8 damage)
             ... on level 2 of the Dungeon.
             The game lasted 00:00:12 (318 turns).

Flugslaktarn the Shield-Bearer (Deep Dwarf Fighter)  Turns: 318, Time: 00:00:13

Health: -3/28      AC:  8    Str: 19    XL:     2   Next: 55%
Magic:  2/2        EV:  7    Int:  8    God:
Gold:   18         SH:  9    Dex: 12    Spells: 1/1 levels left

rFire    . . .     SeeInvis .   a - +0 war axe
rCold    . . .     Faith    .   c - +0 kite shield
rNeg     . . .     Spirit   .   b - +0 scale mail
rPois    .         Reflect  .   (no helmet)
rElec    .         Harm     .   e - +0 cloak
rCorr    .         Rampage  .   (no gloves)
MR       .....                  (no boots)
Stlth    ..........             (no amulet)
HPRegen  0.00/turn              (no ring)
MPRegen  0.08/turn              (no ring)

@: non-regenerating
A: damage resistance, heal wounds, sense surroundings 1, no regeneration
a: Heal Wounds


You were on level 2 of the Dungeon.
You visited 1 branch of the dungeon, and saw 2 of its levels.

You collected 18 gold pieces.

Inventory:

Hand Weapons
 a - a +0 war axe (weapon)
Armour
 b - a +0 scale mail (worn)
 c - a +0 kite shield (worn)
 e - a +0 cloak (worn)
   (You found it on level 1 of the Dungeon)
Scrolls
 f - a scroll of teleportation {unknown}
Potions
 d - a potion of might
 g - a potion of brilliance {unknown}


   Skills:
 * Level 3.0 Fighting
 * Level 2.7 Axes
 + Level 3.4 Armour
 + Level 3.4 Shields


You had one spell level left.
You didn't know any spells.
Your spell library was empty.

Dungeon Overview and Level Annotations

Branches:
Dungeon (2/15)

Altars:

Annotations:
D:2 Sigmund, Terence


Innate Abilities, Weirdness & Mutations

You are resistant to damage.
You can heal yourself by infusing magical energy.
You passively map a small area around you.
You do not regenerate.


Message History

You slash Terence!
Terence is heavily wounded.
You are no longer poisoned.
Something hits you. Something burns you.
Terence hits you with a +4 trident of flaming.
Terence burns you.
You barely miss Terence.
Terence is heavily wounded.
You block Terence's attack. Something hits you!
* * * LOW HITPOINT WARNING * * *
Something burns you.
* * * LOW HITPOINT WARNING * * *
You block Terence's attack. Something hits you but does no damage.
You fail to use your ability.
Terence hits you but does no damage.
You are too injured to fight recklessly!
You are too injured to fight recklessly!
You fail to use your ability.
You block something's attack. Terence closely misses you.
Terence hits you from afar with a +4 trident of flaming!
You die...

,..............†......
*
*######.##.#†########
* ,..#.##.#.# * , ,*
#.#.##)#.# #
*#.#.##.#.#
#.*#.#.##.#.#* *
###.##.#.##.#[.
+##......@.##.###* *
.......@......... ,
.##.#.........### * *
* ,####{###### ,.... ,
, , ###.## * * , #.# ,
* #.# * * , ** #..
###* *


You could see Terence.

Vanquished Creatures
  An adder (D:2)
  A worm (D:2)
  A leopard gecko (D:1)
  A goblin (D:2)
  A hobgoblin (D:2)
  A frilled lizard (D:2)
  2 rats (D:1)
8 creatures vanquished.

Notes
Turn   | Place    | Note
-------+----------+-------------------------------------------
     0 | D:1      | Flugslaktarn the Deep Dwarf Fighter began the quest for the
                  | Orb.
     0 | D:1      | Reached XP level 1. HP: 20/20 MP: 1/1
   285 | D:2      | Reached XP level 2. HP: 15/28 MP: 2/2
   301 | D:2      | Noticed Sigmund
   302 | D:2      | Noticed Terence
   318 | D:2      | Slain by Terence

Illustrated notes

Levels and vault maps discovered:
D:1:      dpeg_arrival_rooms_a, layout_basic, minmay_close_crescents
D:2:      layout_basic, uniq_crazy_yiuf_cottage, uniq_sigmund, uniq_terence

Skill      XL: |  1 |
---------------+----+-----
Fighting       | 3 |  3.0
Axes           | |  2.7
Armour         | |  3.4
Shields        | |  3.4

Action                   || total
-------------------------++-------
Melee: War axe           ||    55
 Abil: Heal Wounds       ||     1
Armor: Scale mail        ||    32
Dodge: Dodged            ||    18
Block: Kite shield       ||    26

Table legend: (Time is in decaauts)
 A = Elapsed time spent in this place.
 B = Non-inter-level travel time spent in this place.
 C = Inter-level travel time spent in this place.
 D = Time resting spent in this place.
 E = Time spent auto-exploring this place.
 F = Levels seen in this place.
 G = Mean time per level.
                   A        B        C        D        E       F      G
               +--------+--------+--------+--------+--------+-----+--------+
         Total |    342 |    317 |     25 |      0 |    200 |   2 |  171.0 |
       Dungeon |    342 |    317 |     25 |      0 |    200 |   2 |  171.0 |
               +--------+--------+--------+--------+--------+-----+--------+

Top non-repeatable levels by time:
     D:1: 208 daAuts
     D:2: 134 daAuts
